 Dungeon Crawl Stone Soup version 0.25-a0-822-g6581751b11 (webtiles) character file.

Game seed: 13112518001849238078, levelgen mode: deterministic

139 tilp the Bolt Thrower (level 5, -2/30 HPs)
             Began as a Kobold Arcane Marksman on Apr 19, 2020.
             Was an Initiate of Okawaru.
             Slain by Sigmund
             ... wielding a +0 scythe
              (4 damage)
             ... on level 3 of the Dungeon on Apr 20, 2020.
             The game lasted 00:09:33 (4097 turns).

tilp the Bolt Thrower (Kobold Arcane Marksman)      Turns: 4097, Time: 00:09:34

Health: -2/30      AC:  3    Str:  8    XL:     5   Next: 46%
Magic:  2/6        EV: 14    Int: 14    God:    Okawaru [......]
Gold:   152        SH:  0    Dex: 16    Spells: 3/6 levels left

rFire    . . .     SeeInvis .   b - +2 spear (venom)
rCold    . . .     Gourm    .   (shield restricted)
rNeg     . . .     Faith    .   m - +0 leather armour
rPois    .         Spirit   .   (no helmet)
rElec    .         Reflect  .   (no cloak)
rCorr    .         Harm     .   (no gloves)
MR       .....                  (no boots)
Stlth    +.........             (no amulet)
HPRegen  0.10/turn              (no ring)
MPRegen  0.10/turn              (no ring)

@: confused, very slightly contaminated
A: small, carnivore
a: Renounce Religion


You were on level 3 of the Dungeon.
You worshipped Okawaru.
Okawaru was noncommittal.
You were very full.

You visited 1 branch of the dungeon, and saw 3 of its levels.

You collected 152 gold pieces.

Inventory:

Hand Weapons
 a - a +0 hand crossbow
 b - a +2 spear of venom (weapon)
 u - a +0 trident
Armour
 m - a +0 leather armour (worn)
 s - a cursed +0 ring mail
Jewellery
 g - an uncursed ring of flight {unknown}
 i - an uncursed ring of protection from magic {unknown}
 k - a cursed ring of teleportation {unknown}
 w - an uncursed amulet of the acrobat {unknown}
Scrolls
 e - a scroll of random uselessness {unknown}
 l - a scroll of teleportation {unknown}
 p - a scroll of remove curse {unknown}
 v - a scroll of enchant weapon {unknown}
Potions
 f - a potion of degeneration {unknown}
 h - a potion of mutation {unknown}
 j - a potion of cancellation {unknown}
 n - 2 potions of might {unknown}
 o - a potion of lignification {unknown}
 q - a potion of curing {unknown}
 r - 3 potions of heal wounds
 x - a potion of flight {unknown}
Comestibles
 c - 7 rations


   Skills:
 + Level 2.1 Fighting
 - Level 6.0 Crossbows
 - Level 2.4 Dodging
 - Level 1.1 Spellcasting
 - Level 3.0 Hexes


You had 3 spell levels left.
You knew the following spells:

 Your Spells              Type           Power        Failure   Level  Hunger
a - Corona                Hex            #......      11%         1    ##.....
b - Slow                  Hex            #.......     17%         2    ###....

Your spell library contained the following spells:

 Spells                   Type           Power        Failure   Level  Hunger
 Inner Flame              Hex/Fire       #.......     52%         3    ####...
 Portal Projectile        Hex/Tloc       #.....       52%         3    ####...
 Cause Fear               Hex            #.........   73%         4    #####..
 Leda's Liquefaction      Hex/Erth       #.........   90%         4    #####..


Dungeon Overview and Level Annotations

Branches:
Dungeon (3/15)

Altars:
Gozag
Okawaru

Annotations:
D:3 Sigmund


Innate Abilities, Weirdness & Mutations

You are small and have problems with some larger weapons.
You are carnivorous and can eat meat at any time.


Message History

You are confused.
Unknown command.
Your +2 spear of venom begins to drip with poison!
b - a +2 spear of venom (weapon)
You're too confused!
You bump into the rock wall.
Sigmund points at you and mumbles some strange words.
You resist with some effort. Sigmund casts a spell at you.
The magic dart hits you.
* * * LOW HITPOINT WARNING * * *
Sigmund gestures at you while chanting. The puff of flame hits you!
* * * LOW HITPOINT WARNING * * *
Sigmund barely misses you.
You barely miss Sigmund.
Sigmund is almost dead.
Sigmund looks at you with fury. Sigmund hits you with a +0 scythe.
You die...

##.###..######.### #.# #.#
##.# #.........# #.# #.#
##..###########.# ### ###
...<..# #.# #####)# #.#
#)# #.# #### #{# ##.#
###.... #.#
######..###......
##.###.....(@@...#
##...##.#.##.###..#
###.....#.#.##.# #..#
#............#.###..###
#.#.....#.............###
#.##...#รท.......(.....).#
# ##.#..........#...##.#
#.#..............# ##.
#.#..........##..##....


You could see Sigmund (invisible).

Vanquished Creatures
  3 adders (D:2)
  4 gnolls (D:2)
  3 worms
  3 dart slugs
  3 leopard geckos
  4 orcs (D:3)
  A ball python (D:1)
  3 giant cockroaches
  3 goblins
  5 hobgoblins
  8 kobolds
  4 bats
  8 frilled lizards
  8 rats
60 creatures vanquished.

Notes
Turn   | Place    | Note
-------+----------+-------------------------------------------
     0 | D:1      | tilp the Kobold Arcane Marksman began the quest for the
                  | Orb.
     0 | D:1      | Reached XP level 1. HP: 12/12 MP: 2/2
   206 | D:1      | Reached skill level 3 in Crossbows
   274 | D:1      | Reached XP level 2. HP: 16/16 MP: 3/3
   278 | D:1      | Learned a level 2 spell: Slow
   844 | D:1      | Upgraded the game from 0.25-a0-804-g50c693f418 to
                  | 0.25-a0-822-g6581751b11
   945 | D:1      | Reached skill level 4 in Crossbows
   945 | D:1      | Reached XP level 3. HP: 16/20 MP: 2/4
  1866 | D:2      | Found an opulent altar of Gozag.
  1961 | D:2      | Reached XP level 4. HP: 15/25 MP: 3/5
  2184 | D:2      | Reached skill level 5 in Crossbows
  2621 | D:2      | Reached XP level 5. HP: 21/29 MP: 4/6
  2844 | D:2      | Reached skill level 6 in Crossbows
  3521 | D:3      | Found an iron altar of Okawaru.
  3526 | D:3      | Became a worshipper of Warmaster Okawaru
  3868 | D:3      | Noticed Sigmund
  4097 | D:3      | Slain by Sigmund

Levels and vault maps discovered:
D:1:      lightli_arrival_boilingwater, layout_loops_ring,
          minmay_split_cup_large
D:2:      layout_loops_cross, nicolae_gozag_seed_capital
D:3:      layout_loops_ring, st_stairs_6, okawaru_trees_1, uniq_sigmund,
          uniq_crazy_yiuf_cottage

Skill      XL: |  1  2  3  4  5 |
---------------+----------------+-----
Crossbows      | 3 4 5 6 |  6.0
Fighting       | 2 |  2.1
Dodging        | |  2.4
Spellcasting   | |  1.1
Hexes          | |  3.0

Action                   |  1- 3 |  4- 6 || total
-------------------------+-------+-------++-------
Melee: Dagger            |    47 |    33 ||    80
       Spear             |       |    34 ||    34
 Fire: Hand crossbow     |    60 |    47 ||   107
 Cast: Corona            |    19 |    12 ||    31
       Slow              |       |     3 ||     3
 Stab: Sleeping          |     1 |       ||     1
  Eat: Chunk             |    12 |     7 ||    19
Armor: Robe              |     5 |       ||     5
       Leather armour    |     8 |     7 ||    15
Dodge: Dodged            |    53 |    45 ||    98

Table legend:
 A = Non-vault XP
 B = Vault XP
 C = Vault XP percentage of total XP
 D = Non-vault monster count
 E = Vault monster count
 F = Vault count percentage of total count
                 A         B        C        D         E       F
            +---------+---------+-------+---------+---------+-------
      Total |     194 |       5 |   2.5 |      56 |       4 |   6.7
            +---------+---------+-------+---------+---------+-------
        D:1 |      44 |       5 |  10.2 |      24 |       4 |  14.3
        D:2 |     122 |       0 |   0.0 |      21 |       0 |   0.0
        D:3 |      28 |       0 |   0.0 |      11 |       0 |   0.0
            +---------+---------+-------+---------+---------+-------
